Map: Acropolis LE

Players

PeLLy - Winner!

  • Race: Zerg Zerg
  • League: Diamond
  • Spawn Location: 5:00

Cookie

  • Race: Terran Terran
  • Spawn Location: 11:00

VOD

Have the link to the VOD?

Description

Time

  • Played on: Aug. 6, 2019, 5:22 p.m.
  • Length: 6:50
Show
View Real Time Build Order
Export as new Build Order

PeLLy Zerg - Winner!

Build Orders: Hatch First 

Get SALT Encoding   

  12  0:01  Drone  
  13  0:12  Overlord  
  13  0:20  Drone  
  14  0:31  Drone x2  
  16  0:36  Drone  
  17  0:52  Hatchery  
  17  0:55  Drone  
  17  0:59  Drone  
  18  1:09  Extractor  
  17  1:14  Spawning Pool  
  17  1:17  Drone  
  17  1:21  Drone  
  18  1:28  Drone  
  19  1:39  Overlord  
  19  1:52  Drone  
  20  2:03  Drone  
  20  2:05  Drone, Queen x2  
  26  2:18  Drone x2  
  28  2:24  Drone  
  28  2:28  Drone  
  30  2:36  Drone  
  31  2:37  Drone  
  32  2:47  Drone  
  32  2:48  Drone  
  32  2:50  Extractor  
  33  2:52  Extractor  
  33  2:55  Drone  
  33  3:01  Evolution Chamber  
  32  3:06  Evolution Chamber  
  32  3:09  Drone x3, Roach Warren  
  33  3:18  Lair  
  33  3:21  Drone x3  
  33  3:24  Overlord x3  
  36  3:41  Queen  
  36  3:42  Drone x3  
  41  3:59  Zerg Missile Weapons Level 1  
  41  4:05  Roach x2  
  41  4:06  Roach x5  
  55  4:15  Drone  
  56  4:23  Roach x2  
  60  4:25  Overlord x3  
  60  4:31  Glial Reconstitution  
  60  4:46  Roach x5  
  60  4:47  Roach  
  72  5:00  Roach x5  
  72  5:02  Ravager  
  72  5:05  Overlord  
  83  5:08  Overlord  
  83  5:30  Roach  
  83  5:31  Roach x3  
  83  5:34  Overlord  
  83  5:35  Overlord x3  
  89  5:53  Roach  
  89  5:54  Roach x4  
  88  6:15  Ravager  
  88  6:16  Ravager  
  88  6:17  Ravager  
  91  6:20  Roach x8  
  107  6:27  Ravager  
Show
View Real Time Build Order
Export as new Build Order

Cookie Terran 

Build Orders: Command Center First (CC) 

Get SALT Encoding   

  12  0:00  SCV  
  13  0:12  SCV  
  14  0:22  Supply Depot  
  14  0:25  SCV  
  15  0:44  SCV  
  16  0:57  SCV  
  17  1:03  Command Center  
  17  1:09  SCV  
  18  1:21  SCV  
  19  1:41  Barracks  
  19  1:43  Supply Depot  
  19  1:45  Refinery  
  19  1:48  Refinery  
  19  1:50  SCV  
  20  2:02  SCV  
  21  2:14  SCV  
  22  2:17  SCV  
  23  2:26  SCV  
  23  2:29  SCV  
  25  2:30  Barracks Tech Lab  
  25  2:36  Barracks  
  25  2:37  Barracks  
  25  2:40  Factory  
  25  2:43  SCV  
  26  2:47  SCV  
  27  2:55  Marine  
  27  2:58  Stimpack  
  28  3:04  SCV x2  
  30  3:15  Marine  
  30  3:17  Orbital Command  
  30  3:18  SCV  
  32  3:26  Barracks Reactor x2  
  32  3:32  Orbital Command  
  32  3:37  Refinery  
  32  3:47  Starport, Factory Reactor  
  32  3:54  Marine  
  33  3:56  SCV  
  33  3:57  SCV  
  35  4:05  Marine x4  
  39  4:10  Supply Depot  
  39  4:14  SCV x2  
  41  4:17  Marine  
  42  4:26  SCV x2  
  44  4:31  Engineering Bay  
  44  4:32  Engineering Bay, Factory Tech Lab  
  44  4:38  SCV x2  
  44  4:42  Supply Depot  
  44  4:44  Supply Depot  
  46  4:50  SCV x2  
  48  4:56  Marine x2  
  48  4:57  Marine x2  
  54  5:04  Medivac x2, Siege Tank  
  59  5:23  Marine x4  
  65  5:34  Supply Depot  
  63  5:37  Supply Depot  
  59  5:53  Marine  
  59  5:55  Siege Tank  
  52  6:02  Marine  
  52  6:03  Marine x2  
  44  6:05  Medivac x2  
  44  6:08  Orbital Command  
  44  6:11  Marine  
  48  6:19  Bunker  
  48  6:20  Marine x2  
Tags
 
Add a new tag
Caveats
  • Supply blocks, unpowered buildings, or Contaminate may cause inaccurate times.
  • Supply counts are checked every 10 seconds.